 Dungeon Crawl Stone Soup version 0.31-a0-246-g8cbcc1cb85 (webtiles) character file.

Game seed: 17465969004145940243

632146 vineage the Slayer (level 27, -1/180 (197) HPs)
             Began as a Gargoyle Fighter on July 12, 2023.
             Was a High Priest of Okawaru.
             Killed from afar by a Brimstone Fiend (31 damage)
             ... with damnation
             ... in the Vestibule of Hell.
             The game lasted 01:59:54 (52129 turns).

vineage the Slayer (Gargoyle Fighter)              Turns: 52129, Time: 01:59:55

HP:   -1/180 (197)  AC: 60    Str: 38    XL:     27
MP:   40/41         EV: 31    Int: 15    God:    Okawaru [*****.]
Gold: 9463          SH: 32    Dex: 19    Spells: 26/26 levels left

rFire   . . .        V - +6 eveningstar "Ypahug" {venom, MP+9}
rCold   . . .        n - +6 tower shield of Komomp {Int+3}
rNeg    + . .        t - +5 crystal plate armour of the Gusle {Dex+3}
rPois   ∞            (helmet restricted)
rElec   +            H - +1 cloak of Starlight {*Dazzle EV+4 Stlth--}
rCorr   .            q - +1 pair of gloves
SInv    .            J - +0 pair of boots {Stlth+}
Will    +++..        o - amulet of Vitality {RegenMP++ Regen++} Stlth
                     L - ring of the Hare {EV+10}
HPRegen 2.10/turn    K - ring of Izigil {Drain Fly rPois Str+6 Dex+6}
MPRegen 1.07/turn

%: no passive effects
@: heroic, flying, studying 2 skills, drained
A: sickness immunity, AC +20, big wings, negative energy resistance 1,
electricity resistance, torment resistance 1, petrification resistance, horns 1,
iridescent scales 1, deformed body, strong-willed 1, strong 1
}: 5/15 runes: serpentine, barnacled, slimy, silver, abyssal
a: Renounce Religion, Heroism, Finesse, Duel


You were in the Vestibule of Hell.
You worshipped Okawaru.
Okawaru was extremely pleased with you.
You visited 13 branches of the dungeon, and saw 53 of its levels.
You visited the Abyss 4 times.
You also visited: Gauntlet, Ice Cave and Wizlab.

You collected 10631 gold pieces.
You spent 1168 gold pieces at shops.

Inventory:

Hand Weapons
 N - the +6 dire flail of the Gibberer {heavy, rF+}
   (Okawaru gifted it to you on level 1 of the Lair of Beasts)

   rF:        It protects you from fire.
 V - the +6 eveningstar "Ypahug" (weapon) {venom, MP+9}
   (Okawaru gifted it to you on level 4 of the Lair of Beasts)

   MP:        It affects your magic capacity (+9).
Missiles
 e - 10 throwing nets
Armour
 n - the +6 tower shield of Komomp (worn) {Int+3}
   (You took it off Mennas on level 5 of the Vaults)

   Int:       It affects your intelligence (+3).
 q - a +1 pair of gloves (worn)
 t - the +5 crystal plate armour of the Gusle (worn) {Dex+3}
   (Okawaru gifted it to you on level 3 of the Elven Halls)

   Dex:       It affects your dexterity (+3).
 u - the +3 helmet of Parts Unknown {rPois Regen+}
   (Okawaru gifted it to you on level 1 of the Snake Pit)

   rPois:     It protects you from poison.
   Regen:     It increases your rate of health regeneration.
 A - a +0 tower shield of positive energy
 H - the +1 cloak of Starlight (worn) {*Dazzle EV+4 Stlth--}
   (Okawaru gifted it to you on level 1 of the Lair of Beasts)

   *Dazzle:   It may blind those who miss an attack against the wearer in melee
   combat.
   EV:        It affects your evasion (+4).
   Stlth:     It makes you much less stealthy.
 J - a +0 pair of boots of stealth (worn)
Jewellery
 a - the amulet of Waffa {Spirit rC+ rN++}
   (You took it off a deep elf sorcerer on level 3 of the Elven Halls)

   [amulet of guardian spirit]

   It causes incoming damage to be divided between your reserves of health and
   magic.
   rC:        It protects you from cold.
   rN:        It greatly protects you from negative energy.
 h - the ring of Makhleb's Anger {Fire Int+3}
   (You found it on level 5 of the Pits of Slime)

   [ring of fire]

   It enhances your fire magic.
   Int:       It affects your intelligence (+3).
   rF:        It protects you from fire.
   rC:        It makes you vulnerable to cold.
 k - the amulet "Fecoithreloa" {Acrobat rC- Str+3 Dex+3 Slay+4}
   (You took it off a deep elf elementalist on level 3 of the Elven Halls)

   [amulet of the acrobat]

   It increases your evasion while moving and waiting.
   Str:       It affects your strength (+3).
   Dex:       It affects your dexterity (+3).
   Slay:      It affects your accuracy & damage with ranged weapons and melee
   (+4).
   rC:        It makes you vulnerable to cold.
 o - the amulet of Vitality (around neck) {RegenMP++ Regen++}
   (You found it on level 5 of the Dungeon)

   [amulet of magic regeneration]

   It increases your rate of magic regeneration.
   Regen:     It increases your rate of health regeneration.
 G - the ring of Gozag's Grace {Will+ EV+5 Str+6}
   (You took it off a vault warden on level 5 of the Vaults)

   [ring of evasion]

   EV:        It affects your evasion (+5).
   Str:       It affects your strength (+6).
   Will:      It increases your willpower.
 K - the ring of Izigil (right hand) {Drain Fly rPois Str+6 Dex+6}
   (You took it off a deep elf demonologist on level 3 of the Elven Halls)

   [ring of dexterity]

   Str:       It affects your strength (+6).
   Dex:       It affects your dexterity (+6).
   rPois:     It protects you from poison.
   Fly:       It grants you flight.
   Drain:     It drains your maximum health when unequipped.
 L - the ring of the Hare (left hand) {EV+10}
   (You took it off a merfolk on level 4 of the Shoals)

   [ring of evasion]

   EV:        It affects your evasion (+10).
 R - a ring of protection from cold
Wands
 D - a wand of acid (3)
 E - a wand of digging (10)
 X - a wand of mindburst (4)
Scrolls
 b - a scroll of blinking
 d - 4 scrolls of enchant armour
 f - 9 scrolls of teleportation
 j - 2 scrolls of brand weapon
 v - a scroll of summoning
 w - 3 scrolls of torment
 y - 7 scrolls of enchant weapon
 z - 9 scrolls of fog
 B - 4 scrolls of fear
 F - 2 scrolls of silence
 O - 10 scrolls of amnesia
 U - 7 scrolls of vulnerability
 W - 8 scrolls of revelation
Potions
 c - a potion of berserk rage
 g - 4 potions of haste
 i - 5 potions of enlightenment
 l - 4 potions of magic
 m - 13 potions of lignification
 p - 7 potions of ambrosia
 r - 10 potions of might
 s - 3 potions of resistance
 C - 2 potions of mutation
 M - 10 potions of attraction
 P - 5 potions of heal wounds
 Q - 18 potions of curing
 T - 8 potions of cancellation


   Skills:
 * Level 26.8(27) Fighting
 + Level 23.6(27) Maces & Flails
 + Level 24.8(27) Armour
 - Level 9.7(14.7) Dodging
 + Level 25.0(27) Shields
 - Level 12.0 Invocations


You had 26 spell levels left.
You didn't know any spells.
Your spell library contained the following spells:

 Spells                   Type           Power      Damage    Failure   Level
 Apportation              Tloc           0%         N/A       71%         1
 Foxfire                  Conj/Fire      0%         2x1d4     71%         1
 Kiss of Death            Conj/Necr      0%         2d5       71%         1
 Magic Dart               Conj           0%         1d3       71%         1
 Necrotise                Necr           0%         1d4       71%         1
 Shock                    Conj/Air       0%         1d3       71%         1
 Slow                     Hex            0%         N/A       71%         1
 Sting                    Tmut/Pois      0%         1d3       71%         1
 Blink                    Tloc           0%         N/A       83%         2
 Lesser Beckoning         Tloc           0%         N/A       83%         2
 Poisonous Vapours        Pois/Air       0%         N/A       83%         2
 Scorch                   Fire           0%         2d5       83%         2
 Searing Ray              Conj           0%         2d4       83%         2
 Wereblood                Tmut           0%         N/A       83%         2
 Confusing Touch          Hex            0%         N/A       97%         3
 Dazzling Flash           Conj/Hex       0%         N/A       97%         3
 Gell's Gravitas          Tloc           0%         N/A       97%         3
 Hailstorm                Conj/Ice       0%         3d3       97%         3
 Ignite Poison            Fire/Tmut/Pois 0%         N/A       97%         3
 Inner Flame              Hex/Fire       0%         N/A       97%         3
 Mephitic Cloud           Conj/Pois/Air  0%         N/A       97%         3
 Ozocubu's Armour         Ice            0%         N/A       97%         3
 Portal Projectile        Hex/Tloc       0%         N/A       97%         3
 Swiftness                Air            0%         N/A       97%         3
 Teleport Other           Tloc           0%         N/A       97%         3
 Vampiric Draining        Necr           0%         2d6       97%         3
 Vhi's Electric Charge    Tloc/Air       0%         N/A       97%         3
 Volatile Blastmotes      Fire/Tloc      0%         2d10      97%         3
 Airstrike                Air            0%         2d(0-16)  100%        4
 Dispel Undead            Necr           0%         3d6       100%        4
 Flame Wave               Conj/Fire      0%         2d4       100%        4
 Fulminant Prism          Conj/Hex       0%         3d5       100%        4
 Iskenderun's Mystic Bla  Conj/Tloc      0%         2d3       100%        4
 Manifold Assault         Tloc           0%         N/A       100%        4
 Olgreb's Toxic Radiance  Pois           0%         N/A       100%        4
 Passage of Golubria      Tloc           0%         N/A       100%        4
 Petrify                  Tmut/Erth      0%         N/A       100%        4
 Sticky Flame             Conj/Fire      0%         2d3       100%        4
 Agony                    Necr           0%         N/A       100%        5
 Alistair's Intoxication  Tmut/Pois      0%         N/A       100%        5
 Borgnjor's Vile Clutch   Necr/Erth      0%         N/A       100%        5
 Fireball                 Conj/Fire      0%         3d3       100%        5
 Freezing Cloud           Conj/Ice/Air   0%         6-21      100%        5
 Irradiate                Conj/Tmut      0%         3d11      100%        5
 Iskenderun's Battlesphe  Conj           0%         2d6       100%        5
 Metabolic Englaciation   Hex/Ice        0%         N/A       100%        5
 Yara's Violent Unravell  Hex/Tmut       0%         3d3       100%        5
 Conjure Ball Lightning   Conj/Air       0%         3x3d6     100%        6
 Dispersal                Tloc           0%         N/A       100%        6
 Eringya's Noxious Bog    Tmut/Pois      0%         4d6       100%        6
 Plasma Beam              Fire/Air       0%         2x1d10    100%        6
 Starburst                Conj/Fire      0%         6d3       100%        6
 Enfeeble                 Hex            0%         N/A       100%        7
 Orb of Destruction       Conj           0%         9d5       100%        7
 Ozocubu's Refrigeration  Ice            0%         4d7       100%        7
 Discord                  Hex            0%         N/A       100%        8
 Disjunction              Tloc           0%         N/A       100%        8
 Ignition                 Fire           0%         3d3       100%        8
 Maxwell's Capacitive Co  Air            0%         ∞         100%        8
 Chain Lightning          Conj/Air       0%         N/A       100%        9
 Fire Storm               Conj/Fire      0%         5d1       100%        9
 Shatter                  Erth           0%         3d5*      100%        9
 Summon Small Mammal      Summ           Unusable   N/A       N/A         1
 Cigotuvi's Dreadful Rot  Necr/Pois/Air  Unusable   N/A       N/A         2
 Tukima's Dance           Hex            Unusable   N/A       N/A         3
 Animate Dead             Necr           Unusable   N/A       N/A         4
 Summon Ice Beast         Ice/Summ       Unusable   N/A       N/A         4
 Summon Forest            Summ/Tloc      Unusable   N/A       N/A         5
 Death Channel            Necr           Unusable   N/A       N/A         6
 Simulacrum               Ice/Necr       Unusable   N/A       N/A         6
 Summon Cactus Giant      Summ           Unusable   N/A       N/A         6

Dungeon Overview and Level Annotations

Branches:
Dungeon (15/15)            Temple (1/1) D:5            Lair (5/5) D:9
 Shoals (4/4) Lair:3        Snake (4/4) Lair:2        Slime (5/5) Lair:4
    Orc (2/2) D:10            Elf (3/3) Orc:2        Vaults (5/5) D:13
  Crypt (3/3) Vaults:3       Tomb (0/3) Crypt:3      Depths (1/4) D:15
   Hell (1/1)                 Dis (4/7) Hell            Geh (0/7) Hell
    Coc (0/7) Hell            Tar (0/7) Hell          IceCv (visited)
 WizLab (visited)         Gauntlet (visited)

Altars:
Ashenzari
Cheibriados
Elyvilon
Fedhas
Gozag
Hepliaklqana
Kikubaaqudgha
Makhleb
Nemelex Xobeh
Okawaru
Qazlal
Ru
Sif Muna
Trog
Uskayaw
Vehumet
Wu Jian
Xom
Yredelemnul
Zin
The Shining One
Lugonu

Shops:
D:1 =   D:2 (   D:3 *   D:5 [   D:6 [   D:8 =   D:14 =   Orc:1 ?   Orc:2 :(!([
Shoals:1 *[[(   Snake:1 =[   Snake:4 :   Vaults:1 (   Vaults:3 =   Vaults:4 [

Portals:
Hell: Depths:1
Abyss: Lair:5 Depths:1
Pandemonium: Depths:1

Annotations:
Vaults:2 exclusion: 2 ice statues


Innate Abilities, Weirdness & Mutations

You are immune to sickness and miasma.
Your stone body is resilient. (AC +20)
You are immune to poison.
Your large and strong wings let you fly.
You resist negative energy. (rN+)
You are resistant to electric shocks. (rElec)
You are resistant to unholy torment.
You are immune to petrification.
You have a pair of small horns on your head.
You are partially covered in iridescent scales. (AC +2)
Armour fits poorly on your strangely shaped body.
You are strong-willed. (Will+)
Your muscles are strong. (Str +4, Int/Dex -1)


Message History

You feel like a meek peon again.
You start resting.
HP restored.
Done exploring.
Done exploring.
There is an empty arch of ancient stone here.
The Hell Sentinel gestures at you.
The sphere of damnation explodes!
The damnation engulfs you!!!
You hear a roar!
You stick the Hell Sentinel like a pincushion!!!
You headbutt the Hell Sentinel, but do no damage.
The Hell Sentinel is moderately wounded.
The Hell Sentinel gestures at you.
The sphere of damnation explodes!
The damnation engulfs you!!!
The damnation engulfs the Hell Sentinel.
The Hell Sentinel completely resists.
You barely miss the Hell Sentinel.
You headbutt the Hell Sentinel, but do no damage.
The Hell Sentinel is moderately wounded.
You impale the Hell Sentinel!!
The Hell Sentinel is severely wounded.
The Hell Sentinel gestures at you.
The sphere of damnation explodes!
The damnation engulfs you!!
The damnation engulfs the Hell Sentinel.
The Hell Sentinel completely resists.
You crush the Hell Sentinel like a grape!!!
The Hell Sentinel is almost dead.
The Brimstone Fiend gestures at you.
The sphere of damnation explodes!
The damnation engulfs the Hell Sentinel.
The Hell Sentinel completely resists.
The damnation engulfs you!!!
* * * LOW HITPOINT WARNING * * *
The Hell Sentinel gestures at you. You block the iron shot.
You gain the combat prowess of a mighty hero.
The Brimstone Fiend gestures at you.
The sphere of damnation explodes!
The damnation engulfs the Hell Sentinel.
The Hell Sentinel completely resists.
The damnation engulfs you!!
You die...

##.................##
##........91.....##
##.............## ##...........##
##.....9...## ##......9## #
##.....## ## # ##..1## ##≈ ##
##..@## ##≈≈ .## #.....# ##≈≈≈
..## #.....# ##≈≈~. ...##
##.)...## ##≈≈... #§..##
##.......## ##≈≈≈≈~≈
.≈≈..######.∩..≈≈.∩.######≈≈≈≈≈≈≈
..≈#..##...[[≈≈≈≈≈.....##~≈≈~≈≈~~
.))≈.......)[≈≈≈≈≈.).............
...#........≈≈≈≈≈≈≈.....~.~~.~..~


You could see 2 iron golems, a Hell Sentinel, a Brimstone Fiend and a war
gargoyle.

Vanquished Creatures
  the Royal Jelly (Slime:5)
  3 dread liches
  An ancient lich (Crypt:3)
  Mennas (Vaults:5)
  Sojobo (Crypt:1)
  Bai Suzhen (Crypt:3)
  The ghost of Ehaeru the Pyromancer, a veteran MeCj of Gozag (Vaults:2)
  Vashnia (Snake:4)
  7 caustic shrikes (Dis:1)
  Geryon (Hell)
  A golden dragon (Vaults:5)
  Nikola (Shoals:3)
  A bone dragon (Crypt:3)
  A Tzitzimitl (Dis:4)
  2 iron giants
  Jorgrun (Shoals:1)
  4 tentacled monstrosities
  Mlioglotl (Snake:4)
  Zenata (Crypt:3)
  2 Hell Sentinels (Dis:1)
  6 deep elf master archers
  A quicksilver dragon (Vaults:5)
  4 liches
  An Executioner (Abyss:3)
  18 acid blobs
  2 titans (Vaults:5)
  9 ancient champions
  2 deep elf blademasters (Elf:3)
  A tentacled starspawn (Abyss:3)
  10 tengu reavers
  A thorn hunter (WizLab)
  13 azure jellies
  4 nagarajas
  5 sphinxes
  Aizul (Snake:1)
  2 fenstrider witches (WizLab)
  Roxanne (Shoals:2)
  3 revenants
  A shadow dragon (Vaults:5)
  2 storm dragons (Vaults:5)
  7 rockslimes (Slime:5)
  5 quicksilver elementals
  A fire giant (Vaults:5)
  2 frost giants (Depths:1)
  A balrug (Depths:1)
  9 deep elf sorcerers
  20 vault wardens
  The ghost of Pitzov the Ruinous, an adept DECj of Sif Muna (Snake:2)
  4 iron dragons
  2 caustic shrike zombies
  2 deep elf elementalists (Elf:3)
  7 reapers
  The ghost of Anon1729 the Carver, a journeyman MiMo of Okawaru (Lair:5)
  2 curse skulls
  17 ironbound preservers
  13 quicksilver oozes
  8 formless jellyfish
  3 cacodemons (Abyss:3)
  A caustic shrike skeleton (Crypt:3)
  A juggernaut skeleton (Crypt:3)
  2 eleionomae (WizLab)
  The ghost of Shym the Markself, a journeyman DEHs of Fedhas (Shoals:1)
  5 stone giants
  17 war gargoyles
  12 very ugly things
  7 ironbound thunderhulks
  11 dire elephants
  10 deep elf demonologists
  6 vampire knights
  7 deep elf annihilators (Elf:3)
  A minotaur (Gauntlet)
  12 ettins
  A quicksilver dragon zombie (Hell)
  3 eidola
  7 iron golems
  2 crystal guardians (Vaults:4)
  3 blizzard demons
  A mummy priest (Hell)
  3 entropy weavers
  10 merfolk impalers
  A fire dragon (shapeshifter) (D:13)
  10 deep elf death magi
  5 fire dragons (Depths:1)
  8 merfolk javelineers
  3 deep elf high priests
  9 jiangshi
  Fannar (Lair:3)
  A fenstrider witch zombie (Crypt:1)
  5 salamander tyrants
  20 yaktaur captains
  2 shambling mangroves (WizLab)
  A hell beast (Depths:1)
  2 rakshasas (D:15)
  17 great orbs of eyes
  A peacekeeper (Vaults:4)
  2 caustic shrike simulacra (IceCv)
  Erica (Lair:1)
  A catoblepas (Lair:5)
  6 ogre magi
  31 vault guards
  7 hydras
  3 ice dragons (Depths:1)
  A spriggan skeleton (Crypt:3)
  10 ironbound frosthearts
  3 death knights
  23 centaur warriors
  14 anacondas
  A spriggan air mage (Depths:1)
  13 two-headed ogres
  3 boulder beetles
  2 merfolk aquamancers
  2 alligator snapping turtles
  30 dancing weapons
  An alligator (shapeshifter) (Vaults:5)
  2 merfolk avatars
  19 naga warriors
  4 death yaks (Gauntlet)
  5 vampire magi
  2 alligators (Lair:1)
  7 tengu warriors
  12 hell hogs
  7 satyrs
  A demonic crawler (Depths:1)
  7 deep troll earth magi
  A deep troll shaman (Vaults:4)
  3 orc high priests (Orc:2)
  23 naga sharpshooters
  A spriggan berserker (D:15)
  7 hell knights
  A crystal echidna (Dis:3)
  12 shock serpents
  3 thrashing horrors (Lair:5)
  2 titan skeletons
  10 soul eaters
  Sonja (Orc:1)
  11 sun demons (Depths:1)
  14 deep elf knights
  7 skysharks
  2 salamander mystics (Snake:2)
  2 spark wasp zombies
  A wretched star (Abyss:3)
  2 anaconda zombies (Hell)
  3 iron trolls (D:15)
  A fire crab (Lair:3)
  A shadow wraith (Vaults:2)
  16 sea snakes
  2 golden dragon zombies
  40 skeletal warriors
  A bunyip zombie (Crypt:3)
  The ghost of Nico3ck the Basher, a novice DsFi (D:6)
  A sea snake (shapeshifter) (Vaults:5)
  An orange crystal statue (IceCv)
  34 deep trolls
  4 glowing orange brains
  A tengu zombie (Hell)
  2 flayed ghosts
  7 phantasmal warriors
  3 naga ritualists
  A spriggan simulacrum (Crypt:1)
  Pikel (D:7)
  2 sphinx zombies
  11 wizards
  13 lindwurms
  Lodul (D:10)
  A jorogumo zombie (Crypt:2)
  26 large abominations
  10 necromancers
  A wolf spider (D:15)
  28 ironbound convokers
  8 deep elf archers
  2 anaconda skeletons (Hell)
  10 orc knights
  A shadow dragon zombie (Hell)
  31 deep elf pyromancers
  3 tengu skeletons
  23 deep elf zephyrmancers
  28 harpies
  A salamander (shapeshifter) (D:14)
  28 ugly things
  8 mana vipers
  19 fauns
  2 fire giant zombies (Hell)
  3 oklob plants
  5 orc sorcerers
  A stone giant zombie (Vaults:4)
  A broodmother zombie (Crypt:1)
  25 salamanders
  5 shining eyes
  3 cyclopes
  3 frost giant zombies
  13 manticores
  A shining eye (shapeshifter) (Vaults:4)
  3 stone giant skeletons
  2 moths of wrath (Shoals:1)
  13 elephants
  23 naga magi
  7 guardian serpents
  3 worldbinders
  Joseph (D:9)
  8 merfolk sirens
  19 vault sentinels
  18 black mambas
  124 slime creatures
  3 ice statues
  6 fire giant skeletons (Crypt:3)
  11 smoke demons
  An eye of devastation (shapeshifter) (Vaults:5)
  4 water nymphs
  A guardian serpent (shapeshifter) (Vaults:5)
  14 cane toads
  5 molten gargoyles
  2 hellions
  5 gargoyles
  3 rime drakes
  2 unseen horrors
  7 komodo dragons
  A yaktaur (shapeshifter) (Elf:2)
  5 ancient zymes
  9 freezing wraiths
  2 anaconda simulacra
  A golden dragon simulacrum (IceCv)
  A red draconian skeleton (Crypt:2)
  2 yaktaur skeletons (Vaults:4)
  An unseen horror skeleton (Crypt:2)
  6 trolls
  39 yaktaurs
  A tengu conjurer (Depths:1)
  2 ice devils (Depths:1)
  34 merfolk
  2 hydra zombies (Hell)
  2 harpy zombies (Crypt:3)
  3 meliai (D:14)
  A harpy skeleton (Crypt:3)
  24 blink frogs
  11 wind drakes
  A tarantella (Vaults:1)
  A polar bear (Lair:4)
  7 hornets
  A raiju (shapeshifter) (D:13)
  9 snapping turtles
  Prince Ribbit (Lair:2)
  A fire giant simulacrum (Depths:1)
  4 spriggan zombies
  A stone giant simulacrum (Vaults:4)
  4 shadows (Crypt:3)
  7 air elementals
  A centaur simulacrum (Hell)
  10 fire dragon skeletons (Crypt:3)
  8 flying skulls
  A culicivora (shapeshifter) (Lair:5)
  The ghost of Takeo the Conjurer, an amateur DECj (D:4)
  14 water elementals
  Sigmund (D:5)
  7 wyverns
  2 ettin skeletons (Crypt:3)
  9 wraiths
  54 yaks
  A fire elemental (Elf:2)
  4 ynoxinuls
  A dire elephant simulacrum (IceCv)
  2 basilisks
  7 vampires
  2 fire bats (Abyss:3)
  12 golden eyes
  Grum (Lair:1)
  A chaos spawn (Lair:5)
  5 steam dragons
  A neqoxec (Abyss:3)
  8 vampire mosquitoes
  Menkaure (D:4)
  5 redbacks
  3 wargs
  4 harpy simulacra
  37 nagas
  A two-headed ogre zombie (Crypt:1)
  A deep troll zombie (Crypt:1)
  2 acid dragons
  2 human zombies (Hell)
  11 hell hounds
  A deep troll skeleton (Crypt:2)
  14 water moccasins
  A two-headed ogre skeleton (Crypt:1)
  3 sky beasts (D:7)
  A swamp dragon zombie (Crypt:1)
  28 orc warriors
  A fire dragon simulacrum (Vaults:2)
  5 black bears
  16 wolves
  3 alligator simulacra
  A black mamba simulacrum (Vaults:2)
  2 boggarts (Vaults:2)
  An ettin simulacrum (IceCv)
  A merfolk simulacrum (Hell)
  11 ogres
  11 centaurs
  A phantom (D:7)
  3 lemures (D:7)
  3 kobold brigands
  18 bullfrogs
  2 gnoll sergeants
  A scorpion (shapeshifter) (Vaults:1)
  30 small abominations
  2 scorpions
  2 earth elementals
  A water moccasin skeleton (D:4)
  6 wights
  A shapeshifter zombie (Crypt:1)
  2 killer bees
  2 elephant simulacra (Vaults:2)
  2 troll skeletons (Crypt:1)
  A yak skeleton (Crypt:2)
  7 electric eels
  5 howler monkeys
  A bullfrog zombie (D:4)
  3 jellies (D:6)
  6 hounds
  2 bullfrog skeletons (D:4)
  17 orc priests
  An iron imp (Elf:3)
  2 sleepcaps
  2 iguanas
  23 orc wizards
  6 hell rats
  A hound skeleton (D:4)
  5 adders
  14 gnolls
  2 naga simulacra (Vaults:2)
  A steam dragon zombie (Crypt:2)
  6 shadow imps
  3 white imps
  3 ufetubi
  2 adder skeletons (D:4)
  4 worms
  6 dart slugs
  90 orcs
  6 endoplasms
  A giant cockroach (D:1)
  11 goblins
  5 hobgoblins
  13 kobolds
  A quokka (D:2)
  9 ball pythons
  A bat (D:1)
  A dart slug zombie (Crypt:2)
  2 frilled lizards (D:2)
  A jackal skeleton (Crypt:2)
  An orc skeleton (Crypt:2)
  5 rats
2329 creatures vanquished.

Vanquished Creatures (others)
  A fenstrider witch (WizLab)
  A merfolk avatar (Shoals:4)
  A deep elf knight (Elf:2)
  A sun demon (Depths:1)
  A salamander mystic (Snake:4)
  2 deep elf zephyrmancers
  A wizard (Abyss:3)
  A merfolk siren (Shoals:3)
  A flying skull (Abyss:3)
  2 water elementals (Elf:3)
  A naga (Snake:3)
  2 large abominations (Abyss:3)
  An orc priest (Orc:2)
  A hell rat (Depths:1)
  A small abomination (Abyss:3)
  A jelly zombie (Crypt:2)
  2 starspawn tentacles (Abyss:3)
21 creatures vanquished.

Grand Total: 2350 creatures vanquished

Notes
Turn   | Place    | Note
-------+----------+-------------------------------------------
     0 | D:1      | vineage the Gargoyle Fighter began the quest for the Orb.
     0 | D:1      | Reached XP level 1. HP: 14/14 MP: 1/1
   206 | D:1      | Reached XP level 2. HP: 8/19 MP: 2/2
   358 | D:1      | Found Offyerith's Jewellery Shoppe.
   576 | D:1      | Found a faded altar of an unknown god.
   832 | D:2      | Noticed a +0 executioner's axe
   835 | D:2      | Found Inuwukom's Weapon Shop.
   837 | D:2      | Noticed a +0 triple sword
   884 | D:2      | Reached XP level 3. HP: 24/24 MP: 3/3
   897 | D:2      | Reached skill level 4 in Fighting
  1021 | D:2      | Found a bloodstained altar of Trog.
  1488 | D:3      | Reached XP level 4. HP: 20/30 MP: 4/4
  1932 | D:3      | Found Putolown's Assorted Antiques.
  2214 | D:4      | Found a basalt altar of Yredelemnul.
  2334 | D:4      | Noticed Menkaure
  2343 | D:4      | Killed Menkaure
  2344 | D:4      | Reached skill level 5 in Fighting
  2344 | D:4      | Reached XP level 5. HP: 8/35 MP: 5/5
  2457 | D:4      | Reached XP level 6. HP: 39/40 MP: 6/6
  2768 | D:4      | Reached skill level 6 in Fighting
  2768 | D:4      | Reached skill level 5 in Maces & Flails
  2910 | D:4      | Found a burning altar of Makhleb.
  3015 | D:4      | Found a runed translucent gate.
  3016 | D:4      | Found a runed translucent gate.
  3016 | D:4      | Found a runed translucent gate.
  3020 | D:4      | Noticed Takeo's ghost (amateur DECj)
  3417 | D:4      | Killed Takeo's ghost
  3418 | D:4      | Reached XP level 7. HP: 45/47 MP: 7/7
  3432 | D:4      | Reached skill level 7 in Fighting
  3493 | D:5      | Entered Level 5 of the Dungeon
  3493 | D:5      | Found the amulet of Vitality {RegenMP++ Regen++}
  3514 | D:5      | Reached XP level 8. HP: 50/53 MP: 8/8
  3577 | D:5      | Found a snail-covered altar of Cheibriados.
  3645 | D:5      | Found a staircase to the Ecumenical Temple.
  3673 | Temple   | Entered the Ecumenical Temple
  3738 | Temple   | Became a worshipper of Warmaster Okawaru
  3851 | D:5      | Noticed Sigmund
  3855 | D:5      | Noticed a wyvern
  3869 | D:5      | Killed a wyvern
  3870 | D:5      | Reached skill level 1 in Invocations
  3876 | D:5      | Killed Sigmund
  3876 | D:5      | Reached * piety under Okawaru
  3877 | D:5      | Reached skill level 8 in Fighting
  4050 | D:5      | Found Diditip's Armour Boutique.
  4358 | D:6      | Found Ryit's Armour Emporium.
  4380 | D:6      | Bought a +2 helmet for 165 gold pieces
  4538 | D:6      | Reached XP level 9. HP: 45/59 MP: 11/11
  4579 | D:6      | Found a transporter.
  4585 | D:6      | Noticed Nico3ck's ghost (novice DsFi)
  4673 | D:6      | Found a sparkling altar of Nemelex Xobeh.
  4705 | D:6      | You fall into a shaft and drop 3 floors!
  4903 | D:7      | Reached skill level 5 in Armour
  4943 | D:7      | Reached ** piety under Okawaru
  5155 | D:6      | Found a transporter.
  5178 | D:6      | Reached skill level 9 in Fighting
  5200 | D:6      | Found an ancient bone altar of Kikubaaqudgha.
  5731 | D:6      | Killed Nico3ck's ghost
  5732 | D:6      | Reached XP level 10. HP: 58/67 MP: 13/13
  5831 | D:7      | Reached *** piety under Okawaru
  5863 | D:7      | Found a broken altar of Ashenzari.
  5867 | D:7      | Saw a vision of the Shoals and the Snake Pit.
  5867 | D:7      | Noticed a skyshark
  5867 | D:7      | Noticed a merfolk siren
  5867 | D:7      | Noticed a skyshark
  5867 | D:7      | Noticed a manticore
  5867 | D:7      | Noticed a water nymph
  5867 | D:7      | Noticed a naga warrior
  5867 | D:7      | Noticed a naga sharpshooter
  5867 | D:7      | Noticed a black mamba
  5868 | D:7      | Noticed a black mamba
  5869 | D:7      | Noticed a harpy
  5895 | D:7      | Reached skill level 10 in Fighting
  5976 | D:7      | Noticed Pikel
  5990 | D:7      | Killed Pikel
  6510 | D:8      | Reached skill level 1 in Dodging
  6666 | D:8      | Found Kuany's Jewellery Emporium.
  6997 | D:9      | Found a stormy altar of Qazlal.
  7142 | D:9      | Reached **** piety under Okawaru
  7351 | D:9      | Found a staircase to the Lair.
  7540 | D:9      | Reached skill level 11 in Fighting
  7540 | D:9      | Reached XP level 11. HP: 67/74 MP: 14/14
  7671 | D:9      | Noticed Joseph
  7682 | D:9      | Killed Joseph
  8445 | D:10     | Entered Level 10 of the Dungeon
  8610 | D:10     | Reached skill level 10 in Maces & Flails
  8640 | D:10     | Reached ***** piety under Okawaru
  8730 | D:10     | Found a staircase to the Orcish Mines.
  8730 | D:10     | Noticed an orc knight
  8766 | D:10     | Killed an orc knight
  8766 | D:10     | Identified the +3 trident of the Enormous God {holy, Str+3
                  | Dex+5} (Okawaru gifted it to you on level 10 of the
                  | Dungeon)
  8766 | D:10     | Received a gift from Okawaru
  8777 | D:10     | Noticed an orc knight
  8790 | D:10     | Killed an orc knight
  8830 | D:10     | Found a glowing silver altar of Zin.
  8899 | D:10     | Noticed a two-headed ogre
  8928 | D:10     | Killed a two-headed ogre
  9064 | D:10     | Noticed Lodul
  9145 | D:10     | Reached skill level 12 in Fighting
  9189 | D:10     | Killed Lodul
  9425 | Lair:1   | Entered Level 1 of the Lair of Beasts
  9437 | Lair:1   | Reached XP level 12. HP: 64/81 MP: 15/15
  9450 | Lair:1   | Reached skill level 10 in Armour
  9483 | Lair:1   | Reached skill level 5 in Dodging
  9512 | Lair:1   | Received a gift from Okawaru
  9512 | Lair:1   | Found the +1 cloak of Starlight {*Dazzle EV+4 Stlth--}
  9541 | Lair:1   | Found a gate leading to a gauntlet.
  9548 | Gauntlet | Entered a Gauntlet
  9548 | Gauntlet | Found a transporter.
  9548 | Gauntlet | Found a runed translucent door.
  9548 | Gauntlet | Found a runed translucent door.
  9555 | Gauntlet | Found a transporter.
  9557 | Gauntlet | Found a transporter.
  9561 | Gauntlet | Noticed a soul eater
  9570 | Gauntlet | Found a transporter.
  9571 | Gauntlet | Found a transporter.
  9574 | Gauntlet | Noticed a death yak
  9575 | Gauntlet | Noticed a death yak
  9576 | Gauntlet | Noticed a death yak
  9577 | Gauntlet | Noticed a death yak
  9581 | Gauntlet | Found a transporter.
  9596 | Gauntlet | Found a transporter.
  9603 | Gauntlet | Noticed a death scarab
  9607 | Gauntlet | Found a transporter.
  9607 | Gauntlet | Noticed a death scarab
  9608 | Gauntlet | Noticed a minotaur
  9618 | Gauntlet | Found a transporter.
  9635 | Gauntlet | Found a transporter.
  9649 | Gauntlet | Found a transporter.
  9649 | Gauntlet | Found a transporter.
  9693 | Gauntlet | Found a runed translucent door.
  9697 | Gauntlet | Found a runed translucent door.
  9699 | Gauntlet | Found a transporter.
  9699 | Gauntlet | Found a transporter.
  9920 | Gauntlet | Killed a soul eater
  9986 | Gauntlet | Killed a death yak
 10008 | Gauntlet | Killed a death yak
 10011 | Gauntlet | Killed a death yak
 10023 | Gauntlet | Killed a death yak
 10066 | Gauntlet | Killed a minotaur
 10217 | Lair:1   | Reached skill level 13 in Fighting
 10372 | Lair:1   | Noticed Erica
 10395 | Lair:1   | Killed Erica
 10396 | Lair:1   | Reached skill level 5 in Invocations
 10447 | Lair:1   | Noticed Grum
 10460 | Lair:1   | Killed Grum
 10461 | Lair:1   | Reached XP level 13. HP: 61/88 MP: 16/16
 10703 | Lair:1   | Identified the +2 scale mail of the Stone Wall {Contam
                  | Will++ Stlth+}
 10819 | Lair:1   | Identified the +6 dire flail of the Gibberer {heavy, rF+}
                  | (Okawaru gifted it to you on level 1 of the Lair of Beasts)
 10819 | Lair:1   | Received a gift from Okawaru
 10936 | Lair:1   | Noticed a dire elephant
 10964 | Lair:1   | Killed a dire elephant
 11166 | Lair:2   | Received a gift from Okawaru
 11420 | Lair:2   | Noticed Prince Ribbit
 11457 | Lair:2   | Killed Prince Ribbit
 11516 | Lair:2   | Found a staircase to the Snake Pit.
 11567 | Lair:2   | Reached ****** piety under Okawaru
 11918 | Lair:3   | Noticed Fannar
 11923 | Lair:3   | Killed Fannar
 12123 | Lair:3   | Received a gift from Okawaru
 12294 | Lair:3   | Found a staircase to the Shoals.
 12300 | Lair:3   | Gained mutation: Your large and strong wings let you fly.
                  | [Gargoyle growth]
 12300 | Lair:3   | Reached XP level 14. HP: 95/95 MP: 20/20
 12303 | Lair:3   | Reached skill level 14 in Fighting
 12867 | Lair:4   | Identified the +6 eveningstar "Ypahug" {venom, MP+9}
                  | (Okawaru gifted it to you on level 4 of the Lair of Beasts)
 12867 | Lair:4   | Received a gift from Okawaru
 12934 | Lair:4   | You are sucked into a shaft and drop 1 floor!
 12934 | Lair:5   | Entered Level 5 of the Lair of Beasts
 13015 | Lair:5   | Found a runed translucent door.
 13017 | Lair:5   | Found a shimmering altar of Xom.
 13017 | Lair:5   | Noticed Anon1729's ghost (journeyman MiMo)
 13120 | Lair:5   | Reached skill level 10 in Invocations
 13218 | Lair:5   | Received a gift from Okawaru
 13318 | Lair:5   | Identified the +6 rapier of the Living God {antimagic,
                  | *Slow Fly rN+++ rCorr}
 13914 | Lair:5   | Received a gift from Okawaru
 13930 | Lair:5   | Found a corrupted altar of Lugonu.
 13930 | Lair:5   | Found a one-way gate to the infinite horrors of the Abyss.
 14179 | Lair:5   | Killed Anon1729's ghost
 14345 | Orc:1    | Entered Level 1 of the Orcish Mines
 14535 | Orc:1    | Reached XP level 15. HP: 101/101 MP: 23/23
 14582 | Orc:1    | Noticed Sonja
 14597 | Orc:1    | Killed Sonja
 14644 | Orc:1    | Found Elump's Magic Scroll Shop.
 14822 | Orc:2    | Entered Level 2 of the Orcish Mines
 14992 | Orc:2    | Found Wimm's Antique Armour Shoppe.
 15106 | Orc:2    | Found a staircase to the Elven Halls.
 15392 | Orc:2    | Identified the +0 scale mail "Qiezutop" {rCorr Str+2}
                  | (Okawaru gifted it to you on level 2 of the Orcish Mines)
 15392 | Orc:2    | Received a gift from Okawaru
 15403 | Orc:2    | Reached skill level 15 in Fighting
 15410 | Orc:2    | Found Muhuan's Antique Weapon Emporium.
 15410 | Orc:2    | Found Geneilim's Book Boutique.
 15425 | Orc:2    | Found Biesukle's Distillery.
 15425 | Orc:2    | Found Cyxup's Antique Weapon Boutique.
 15433 | Orc:2    | Bought a potion of heal wounds for 55 gold pieces
 15433 | Orc:2    | Bought a potion of heal wounds for 55 gold pieces
 15433 | Orc:2    | Bought a potion of haste for 110 gold pieces
 15433 | Orc:2    | Bought a potion of might for 44 gold pieces
 16872 | D:13     | Identified the +8 chain mail of Dishonour {Rampage MP-9
                  | Int-4 Slay+5} (Okawaru gifted it to you on level 13 of the
                  | Dungeon)
 16872 | D:13     | Received a gift from Okawaru
 17176 | D:13     | Found a gate to the Vaults.
 17534 | D:14     | Reached XP level 16. HP: 110/110 MP: 16/25
 17578 | D:14     | Reached skill level 16 in Fighting
 17964 | D:14     | Found Feulapp's Jewellery Emporium.
 18200 | D:15     | Entered Level 15 of the Dungeon
 18341 | D:15     | Found a staircase to the Depths.
 18374 | D:15     | Reached skill level 15 in Maces & Flails
 18379 | D:15     | Reached skill level 15 in Armour
 19040 | Shoals:1 | Entered Level 1 of the Shoals
 19092 | Snake:1  | Entered Level 1 of the Snake Pit
 19102 | Snake:1  | Identified the +3 helmet of Parts Unknown {rPois Regen+}
                  | (Okawaru gifted it to you on level 1 of the Snake Pit)
 19102 | Snake:1  | Received a gift from Okawaru
 19143 | Snake:1  | Found a broken altar of Ashenzari.
 19325 | Snake:1  | Noticed Aizul
 19346 | Snake:1  | Killed Aizul
 19372 | Snake:1  | Reached skill level 17 in Fighting
 19693 | Snake:1  | Found Qyas's Jewellery Boutique.
 19707 | Snake:1  | Found Paeciudwupt's Antique Armour Shop.
 19893 | Snake:1  | Bought a pair of runed gloves for 202 gold pieces
 20022 | Snake:2  | Noticed a nagaraja
 20027 | Snake:2  | Killed a nagaraja
 20033 | Snake:2  | Found a transporter.
 20034 | Snake:2  | Noticed Pitzov's ghost (adept DECj)
 20090 | Snake:2  | Reached XP level 17. HP: 66/117 MP: 17/26
 20217 | Snake:2  | Found a transporter.
 20423 | Snake:2  | Identified the +0 plate armour "Vonou" {Fly rN+ Stlth-}
                  | (Okawaru gifted it to you on level 2 of the Snake Pit)
 20423 | Snake:2  | Received a gift from Okawaru
 20659 | Snake:2  | Killed Pitzov's ghost
 20886 | Snake:3  | Reached skill level 18 in Fighting
 21694 | Snake:4  | Entered Level 4 of the Snake Pit
 21828 | Snake:4  | Received a gift from Okawaru
 22263 | Snake:4  | Noticed Vashnia
 22287 | Snake:4  | Killed Vashnia
 22288 | Snake:4  | Reached XP level 18. HP: 119/126 MP: 18/27
 22426 | Snake:4  | Found Lailasung's Book Shop.
 22801 | Snake:4  | Noticed Mlioglotl
 22810 | Snake:4  | Killed Mlioglotl
 23065 | Snake:4  | Reached skill level 19 in Fighting
 23143 | Snake:4  | Identified the +5 great mace "Niduileb" {freeze, rPois
                  | Int+3 Dex+4 Stlth-} (Okawaru gifted it to you on level 4 of
                  | the Snake Pit)
 23143 | Snake:4  | Received a gift from Okawaru
 23256 | Snake:4  | Got a serpentine rune of Zot
 23519 | Elf:1    | Entered Level 1 of the Elven Halls
 23525 | Elf:1    | Paralysed by an air elemental for 1 turns
 23826 | Elf:1    | Paralysed by an air elemental for 1 turns
 23889 | Elf:1    | Found a magical portal.
 23899 | WizLab   | Entered Eringya's Formal Garden
 24054 | WizLab   | Received a gift from Okawaru
 24143 | WizLab   | Noticed a deep elf master archer
 24147 | WizLab   | Paralysed by a fenstrider witch for 4 turns
 24214 | WizLab   | Noticed a deep elf master archer
 24215 | WizLab   | Noticed a deep elf master archer
 24339 | WizLab   | Killed a deep elf master archer
 24373 | WizLab   | Identified the staff "Owuventa" {rN+ rCorr Str+3 Int+2
                  | Dex+2 Necro}
 24379 | WizLab   | Killed a deep elf master archer
 24387 | WizLab   | Killed a deep elf master archer
 24637 | WizLab   | Noticed a deep elf master archer
 24647 | WizLab   | Killed a deep elf master archer
 24681 | WizLab   | Found a blossoming altar of Fedhas.
 24736 | WizLab   | Reached XP level 19. HP: 134/134 MP: 19/28
 25333 | Elf:2    | Reached XP level 20. HP: 140/140 MP: 20/29
 25334 | Elf:2    | Found a huge runed translucent gate.
 25334 | Elf:2    | Found a huge runed translucent gate.
 25334 | Elf:2    | Found a huge runed translucent gate.
 25334 | Elf:2    | Found a huge runed translucent gate.
 25334 | Elf:2    | Found a huge runed translucent gate.
 25337 | Elf:2    | Received a gift from Okawaru
 25404 | Elf:2    | Reached skill level 20 in Fighting
 25613 | Elf:2    | Reached skill level 5 in Shields
 25675 | Elf:2    | Identified the +0 leather armour of Demeepyr {rC- Str+4}
 26196 | Abyss:3  | Cast into level 3 of the Abyss (+2 lajatang of distortion)
 26223 | Elf:2    | Escaped the Abyss
 26409 | Elf:3    | Entered Level 3 of the Elven Halls
 26433 | Elf:3    | Paralysed by an air elemental for 1 turns
 26447 | Elf:3    | Paralysed by an air elemental for 1 turns
 26452 | Elf:3    | Paralysed by an air elemental for 1 turns
 26486 | Elf:3    | Identified the +0 demon whip "Veptaolug" {flame, rElec
                  | Str+4 Dex+2} (Okawaru gifted it to you on level 3 of the
                  | Elven Halls)
 26486 | Elf:3    | Received a gift from Okawaru
 26544 | Elf:3    | Paralysed by an air elemental for 1 turns
 26563 | Elf:3    | Paralysed by an air elemental for 1 turns
 26663 | Abyss:3  | Cast into level 3 of the Abyss (a deep elf sorcerer)
 26762 | Abyss:3  | Gained mutation: You are partially covered in iridescent
                  | scales. (AC +2) [a neqoxec]
 26989 | Abyss:3  | Got an abyssal rune of Zot
 27153 | Abyss:3  | Gained mutation: You expend magic power (3 MP) to
                  | strengthen your wands. [a shining eye]
 27165 | Elf:3    | Escaped the Abyss
 27190 | Elf:3    | Identified the +5 crystal plate armour of the Gusle {Dex+3}
                  | (Okawaru gifted it to you on level 3 of the Elven Halls)
 27190 | Elf:3    | Received a gift from Okawaru
 27280 | Abyss:3  | Cast into level 3 of the Abyss (a deep elf sorcerer)
 27288 | Elf:3    | Escaped the Abyss
 27307 | Elf:3    | Noticed a Tzitzimitl
 27354 | Elf:3    | Noticed a Tzitzimitl
 27378 | Elf:3    | Identified the ring of Izigil {Drain Fly rPois Str+6 Dex+6}
 27422 | Elf:3    | Reached XP level 21. HP: 147/147 MP: 30/30
 27443 | Elf:3    | Identified the ring "Kize" {Fire Drain rElec rCorr Int+7}
 27471 | Elf:3    | Identified the amulet "Jassa" {RegenMP Rampage Str+4}
 27528 | Elf:3    | Found the +8 storm bow {elec, penet}
 27540 | Elf:3    | Reached skill level 10 in Shields
 27577 | Elf:3    | Identified the amulet "Fecoithreloa" {Acrobat rC- Str+3
                  | Dex+3 Slay+4}
 27613 | Elf:3    | Identified the amulet of Waffa {Spirit rC+ rN++}
 27637 | Elf:3    | Identified the +5 storm dragon scales of Entitlement {rElec
                  | rN+ rCorr Int-3}
 28208 | Abyss:3  | Cast into level 3 of the Abyss (a deep elf sorcerer)
 28231 | Elf:3    | Escaped the Abyss
 28641 | Shoals:1 | Found a transporter.
 28773 | Shoals:1 | Found Suxamos's Weapon Shop.
 28784 | Shoals:1 | Reached skill level 21 in Fighting
 28803 | Shoals:1 | Identified the ring of Fudaptun {Ice rElec rPois}
 28808 | Shoals:1 | Found Egeff's Armour Shop.
 28840 | Shoals:1 | Found Xaral's Assorted Antiques.
 28882 | Shoals:1 | Bought a potion of berserk rage for 205 gold pieces
 28900 | Shoals:1 | Noticed Jorgrun
 28903 | Shoals:1 | Found Azong's Antique Armour Emporium.
 28920 | Shoals:1 | Killed Jorgrun
 28933 | Shoals:1 | Received a gift from Okawaru
 28944 | Shoals:1 | Bought a steaming helmet for 332 gold pieces
 28944 | Shoals:1 | Identified the +0 helmet of Taigop {Dex+3} (You bought it
                  | in a shop on level 1 of the Shoals)
 29321 | Shoals:1 | Found a transporter.
 29329 | Shoals:1 | Noticed Shym's ghost (journeyman DEHs)
 29354 | Shoals:1 | Found a bloodstained altar of Trog.
 29395 | Shoals:1 | Killed Shym's ghost
 29835 | Shoals:2 | Noticed Roxanne
 29854 | Shoals:2 | Killed Roxanne
 29944 | Shoals:2 | Received a gift from Okawaru
 30002 | Shoals:2 | Identified the +1 scale mail of the Raven {rCorr SInv}
 30251 | Shoals:3 | Noticed Nikola
 30278 | Shoals:3 | Killed Nikola
 31148 | Shoals:4 | Entered Level 4 of the Shoals
 31183 | Shoals:4 | Identified the staff "Okleapn" {rF+ rN+ Dex+2 Fire}
 31280 | Shoals:4 | Reached XP level 22. HP: 155/155 MP: 31/31
 31405 | Shoals:4 | Got a barnacled rune of Zot
 31535 | Shoals:4 | Found the +12 pair of quick blades "Gyre" and "Gimble"
                  | {protect}
 31706 | Shoals:4 | Found a frozen archway.
 31716 | IceCv    | Entered an ice cave
 31870 | IceCv    | Found a transporter.
 31881 | IceCv    | Found a transporter.
 32710 | Vaults:1 | Entered Level 1 of the Vaults
 32782 | Vaults:1 | Received a gift from Okawaru
 32964 | Vaults:1 | Reached skill level 22 in Fighting
 33579 | Vaults:1 | Paralysed by a great orb of eyes for 4 turns
 33619 | Vaults:1 | Found Lele's Antique Weapon Emporium.
 33714 | Vaults:1 | Identified the +3 plate armour of Context {Str+2}
 34275 | Vaults:2 | Identified the +5 scale mail of the Eternal Void {Contam
                  | Rampage Str+4} (Okawaru gifted it to you on level 2 of the
                  | Vaults)
 34275 | Vaults:2 | Received a gift from Okawaru
 34288 | Vaults:2 | Identified the +10 spear "Asufotz" {spect, rElec rF+++
                  | Str+2 Int-2}
 34382 | Vaults:2 | Paralysed by something for 2 turns
 34408 | Vaults:2 | Reached XP level 23. HP: 163/163 MP: 32/32
 34487 | Vaults:2 | Identified the +1 chain mail of Ostryifaw {+Blink rC-
                  | Int+5}
 34698 | Vaults:2 | Reached skill level 15 in Shields
 34885 | Vaults:2 | Found a runed translucent gate.
 34885 | Vaults:2 | Found a runed translucent gate.
 34886 | Vaults:2 | Found a runed translucent gate.
 34886 | Vaults:2 | Noticed Ehaeru's ghost (veteran MeCj)
 35391 | Vaults:2 | Got the Papyrus of the Fair Folk
 35615 | Vaults:2 | Killed Ehaeru's ghost
 36074 | Vaults:3 | Found Ryguate's Jewellery Boutique.
 36223 | Vaults:3 | Found a staircase to the Crypt.
 36842 | Vaults:3 | Received a gift from Okawaru
 37484 | Vaults:4 | Reached skill level 23 in Fighting
 37632 | Vaults:4 | Received a gift from Okawaru
 37747 | Vaults:4 | Reached XP level 24. HP: 171/171 MP: 32/32
 38014 | Vaults:4 | Found Plog's Armour Shop.
 38086 | Vaults:5 | Entered Level 5 of the Vaults
 38248 | Vaults:5 | Noticed a dread lich
 38315 | Vaults:5 | Noticed a dread lich
 38315 | Vaults:5 | Paralysed by a dread lich for 4 turns
 38328 | Vaults:4 | Killed a dread lich
 38328 | Vaults:4 | Received a gift from Okawaru
 38356 | Vaults:4 | Paralysed by a dread lich for 5 turns
 38373 | Vaults:4 | Paralysed by something for 5 turns
 38383 | Vaults:4 | Killed a dread lich
 38733 | Vaults:5 | Paralysed by a sphinx for 3 turns
 38992 | Vaults:5 | Got the Compendium of Flamy Geometry
 39008 | Vaults:5 | Got a silver rune of Zot
 39012 | Vaults:5 | Identified the +0 pair of gloves of Sadec {rElec rPois}
 39020 | Vaults:5 | Identified the staff of Quick Death {*Corrode Fly rElec
                  | Conj Earth}
 39036 | Vaults:5 | Identified the +5 plate armour of Darkness {Will+ Str+2
                  | Int+3 Stlth+}
 39224 | Vaults:5 | Identified the staff "Zejumets" {*Slow Int+7 Conj}
 39376 | Vaults:5 | Identified the +6 tower shield of Komomp {Int+3}
 39376 | Vaults:5 | Noticed Mennas
 39377 | Vaults:5 | Identified the ring of Gozag's Grace {Will+ EV+5 Str+6}
 39420 | Vaults:5 | Identified the +8 morningstar "Qickegig" {protect, Dex+3
                  | SInv} (Okawaru gifted it to you on level 5 of the Vaults)
 39420 | Vaults:5 | Received a gift from Okawaru
 39461 | Vaults:5 | Killed Mennas
 39462 | Vaults:5 | Reached XP level 25. HP: 178/178 MP: 32/32
 39486 | Vaults:5 | Identified 4 scrolls of acquirement
 40098 | Vaults:5 | Acquired 816 gold pieces
 40099 | Vaults:5 | Acquired a manual of Shields
 40101 | Vaults:5 | Acquired 941 gold pieces
 40103 | Vaults:5 | Acquired 743 gold pieces
 40603 | Lair:4   | Found a staircase to the Slime Pits.
 40799 | Slime:1  | Entered Level 1 of the Pits of Slime
 41320 | Slime:2  | Gained mutation: You occasionally lose the ability to drink
                  | potions when taking damage. [a shining eye]
 41338 | Slime:1  | Gained mutation: Potions are less effective at restoring
                  | your health. [a shining eye]
 41488 | Slime:2  | Lost mutation: Potions are less effective at restoring your
                  | health. [potion of mutation]
 41488 | Slime:2  | Lost mutation: You are partially covered in iridescent
                  | scales. (AC +2) [potion of mutation]
 41488 | Slime:2  | Lost mutation: You expend magic power (3 MP) to strengthen
                  | your wands. [potion of mutation]
 41488 | Slime:2  | Gained mutation: You occasionally lose the ability to read
                  | scrolls when taking damage. [potion of mutation]
 41488 | Slime:2  | Gained mutation: You have large cloven feet. [potion of
                  | mutation]
 41489 | Slime:2  | Lost mutation: You occasionally lose the ability to read
                  | scrolls when taking damage. [potion of mutation]
 41489 | Slime:2  | Lost mutation: You occasionally lose the ability to drink
                  | potions when taking damage. [potion of mutation]
 41489 | Slime:2  | Lost mutation: You have large cloven feet. [potion of
                  | mutation]
 41489 | Slime:2  | Gained mutation: You are dopey. (Int -2) [potion of
                  | mutation]
 41489 | Slime:2  | Gained mutation: Your muscles are strong. (Str +4, Int/Dex
                  | -1) [potion of mutation]
 42352 | Slime:5  | Entered Level 5 of the Pits of Slime
 42355 | Slime:5  | Gained mutation: Armour fits poorly on your strangely
                  | shaped body. [a shining eye]
 42360 | Slime:5  | Gained mutation: You are very dopey. (Int -4) [a shining
                  | eye]
 42363 | Slime:5  | Gained mutation: You occasionally lose the ability to read
                  | scrolls when taking damage. [a shining eye]
 42374 | Slime:5  | Received a gift from Okawaru
 42395 | Slime:5  | Reached skill level 24 in Fighting
 42402 | Slime:5  | Lost mutation: You are very dopey. (Int -4) [potion of
                  | mutation]
 42402 | Slime:5  | Lost mutation: You are dopey. (Int -2) [potion of mutation]
 42402 | Slime:5  | Lost mutation: You occasionally lose the ability to read
                  | scrolls when taking damage. [potion of mutation]
 42402 | Slime:5  | Gained mutation: You passively map a small area around you.
                  | [potion of mutation]
 42402 | Slime:5  | Gained mutation: You are strong-willed. (Will+) [potion of
                  | mutation]
 42402 | Slime:5  | Gained mutation: You have a pair of small antennae on your
                  | head. [potion of mutation]
 42404 | Slime:5  | Lost mutation: You have a pair of small antennae on your
                  | head. [potion of mutation]
 42404 | Slime:5  | Lost mutation: You passively map a small area around you.
                  | [potion of mutation]
 42404 | Slime:5  | Gained mutation: You have a pair of small horns on your
                  | head. [potion of mutation]
 42404 | Slime:5  | Gained mutation: You are partially covered in iridescent
                  | scales. (AC +2) [potion of mutation]
 43535 | Slime:5  | Noticed the Royal Jelly
 43565 | Slime:5  | Killed the Royal Jelly
 43655 | Slime:5  | HP: 4/179 [acid (10)]
 43909 | Slime:5  | Identified the ring of Makhleb's Anger {Fire Int+3}
 43914 | Slime:5  | Identified the ring of Purphiota {rPois rF+ Str+6}
 43917 | Slime:5  | Identified the staff "Hecesuduo" {rPois Str+3 Int-5 Dex+4
                  | Poison}
 43918 | Slime:5  | Identified the +1 robe of Jagow {rN++ Will+ Dex-2}
 43935 | Slime:5  | Identified the ring "Pedeol" {Fly Will+ Str+6 Int-4}
 43967 | Slime:5  | Identified the +3 scale mail of Baghued {Str+4 Stlth-}
 43970 | Slime:5  | Identified the +10 quarterstaff of the Evening {antimagic,
                  | rPois Str+2 SInv}
 43992 | Slime:5  | Got a slimy rune of Zot
 44563 | Depths:1 | Entered Level 1 of the Depths
 44812 | Depths:1 | Found a gateway to Hell.
 44854 | Depths:1 | Received a gift from Okawaru
 44942 | Depths:1 | Got the Tome of Nephomancy and the Iceberg
 44955 | Depths:1 | Found a glowing silver altar of Zin.
 45050 | Depths:1 | Found a one-way gate leading to the halls of Pandemonium.
 45684 | Crypt:1  | Entered Level 1 of the Crypt
 45721 | Crypt:1  | Reached XP level 26. HP: 186/186 MP: 32/32
 45920 | Crypt:1  | Noticed Sojobo
 45923 | Crypt:1  | Paralysed by an air elemental for 1 turns
 45926 | Crypt:1  | Paralysed by an air elemental for 1 turns
 45937 | Crypt:1  | Paralysed by an air elemental for 1 turns
 45950 | Crypt:1  | Paralysed by an air elemental for 1 turns
 45973 | Crypt:1  | Killed Sojobo
 46651 | Crypt:2  | Paralysed by something for 4 turns
 46964 | Crypt:2  | Identified the +4 morningstar of Kismet {heavy, *Rage rF+
                  | Int+2} (Okawaru gifted it to you on level 2 of the Crypt)
 46964 | Crypt:2  | Received a gift from Okawaru
 47328 | Crypt:3  | Entered Level 3 of the Crypt
 47440 | Crypt:3  | Reached skill level 25 in Fighting
 47822 | Crypt:3  | Noticed Bai Suzhen
 47858 | Crypt:3  | Killed Bai Suzhen
 48040 | Crypt:3  | Found an ancient bone altar of Kikubaaqudgha.
 48055 | Crypt:3  | Noticed a dread lich
 48063 | Crypt:3  | Killed a dread lich
 48063 | Crypt:3  | Received a gift from Okawaru
 48087 | Crypt:3  | Got the Excursus on Shapes and Battle Magic
 48099 | Crypt:3  | Noticed an ancient lich
 48111 | Crypt:3  | Killed an ancient lich
 48167 | Crypt:3  | Got the Omnibus of the Feathery Snowflakes
 48691 | Crypt:3  | Noticed Zenata
 48691 | Crypt:3  | Found the +9 sword of Zonguldrok {reap}
 48692 | Crypt:3  | Found a staircase to the Tomb.
 48743 | Crypt:3  | Killed Zenata
 48905 | Crypt:3  | Identified the ring "Agute" {rN+ Int+5 Dex-2}
 48905 | Crypt:3  | Identified the ring "Peeh" {rN+ Str+3}
 48905 | Crypt:3  | Identified the ring "Tishumyr" {rN+ Str+2}
 49357 | Hell     | Entered the Vestibule of Hell
 49357 | Hell     | Noticed Geryon
 49382 | Depths:1 | Received a gift from Okawaru
 50163 | Depths:1 | Reached XP level 27. HP: 174/195 MP: 32/32
 50355 | Hell     | Reached skill level 26 in Fighting
 50624 | Hell     | Killed Geryon
 50657 | Hell     | Received a gift from Okawaru
 50698 | Hell     | Found a gateway to the ashen valley of Gehenna.
 50881 | Hell     | Found a gateway to the decaying netherworld of Tartarus.
 50961 | Hell     | Found a gateway to the freezing wastes of Cocytus.
 51071 | Hell     | Found a gateway to the Iron City of Dis.
 51119 | Dis:1    | Entered Level 1 of the Iron City of Dis
 51980 | Dis:3    | Received a gift from Okawaru
 52129 | Hell     | Killed from afar by a Brimstone Fiend

Illustrated notes

Levels and vault maps discovered:
D:1:      dpeg_arrival_solitude, layout_basic,
          nicolae_ecumenical_snake_handling, serial_shops,
          nicolae_shop_tiny_real_fake_doors
D:2:      layout_basic, basic_altar, serial_shops, nicolae_shop_mannequins,
          chequers_serial_rivers_room_a, minmay_misc_feat_roman, hex_large
D:3:      layout_rooms, serial_shops, shop
D:4:      layout_loops_corners, overflow_temple_1_default, old_standard_altar,
          gammafunk_ghost_necromancy, serial_undead, serial_undead_e,
          serial_undead_b, serial_undead_c, serial_undead_f, serial_undead_a,
          serial_undead_b, serial_undead_e, grunt_ministairs_11, uniq_menkaure
D:5:      layout_rooms, slow_altar_2, minmay_temple_entry_junction,
          serial_shops, kennysheep_little_box, kennysheep_diamond, uniq_sigmund
D:6:      layout_loops_corners, kennysheep_mini, nemelex_dance_club_becter,
          nicolae_ossuary_entry_ruins, serial_shops, nicolae_shop_peninsula,
          gammafunk_ghost_arena, roderic_roman_lattice,
          kennysheep_opposing_triangles
D:7:      layout_loops_ring, grunt_ashenzari_visionary
          [grunt_ashenzari_visionary_shoals, grunt_ashenzari_visionary_snake],
          eino_small_chamber_without_monster, uniq_pikel
D:8:      layout_basic, serial_shops, nicolae_shop_behind_doors,
          kennysheep_pointless_box, nicolae_fountain_basement
D:9:      minmay_evil_eye, layout_layer_cave, nicolae_qazlal_general_emergency,
          erik_lair_island, uniq_joseph
D:10:     layout_big_octagon, mainiacjoe_overflow_surrounded_room,
          nicolae_overflow_hidden_temple, david_orc_5, uniq_lodul
D:11:     layout_stronghold
D:12:     layout_rooms, drop_trap
D:13:     layout_cave_pools, david_vaults_4, minmay_statues_item,
          minmay_checkerbox
D:14:     layout_grid_maze, serial_shops, nicolae_square_shop,
          minmay_misc_feat_doors
D:15:     gammafunk_depths_entry_grave, layout_rooms, minivault_5
Temple:   cyrus_circular_temple
Lair:1:   layout_chaotic_city, gauntlet_entry_generic,
          nicolae_lair_lakeside_cave, uniq_grum, uniq_erica
Lair:2:   layout_roguey, dummy_snake_entry, uniq_prince_ribbit2
Lair:3:   layout_gridlike, nicolae_shoals_entry_roost, uniq_fannar
Lair:4:   layout_cave_shapes, slime_entry_1, serial_bayou_shore_a,
          serial_bayou_shore_b
Lair:5:   hellmonk_lair_end_abyssal_woods, layout_cave_pods, ebering_ghost_xom
Shoals:1: layout_shoals, gammafunk_ghost_wrathful_warriors, serial_shops, shop,
          nicolae_shop_tiny_statue_garden, shop, shop, uniq_jorgrun
Shoals:2: layout_shoals, uniq_roxanne
Shoals:3: layout_shoals, nicolae_shoals_the_drawing_of_the_three, uniq_nikola
Shoals:4: shoals_end_grunt_garden, layout_shoals,
          portal_ice_cave_entry_pillars_three
Snake:1:  layout_misc_corridors, serial_shops, nicolae_lakefront_shop,
          nicolae_shop_just_a_little_nook, lemuel_oklob_altar,
          grunt_megastairs_2, uniq_aizul
Snake:2:  layout_rooms, gammafunk_ghost_arena
Snake:3:  layout_layer_cave, nicolae_snake_round_shape_thing
Snake:4:  grunt_snake_rune_serpentine_throne, layout_layer_cave, serial_shops,
          shop_statue, guppyfry_snake_island, uniq_mlioglotl
Slime:1:  layout_caves
Slime:2:  layout_caves, basic_altar
Slime:3:  layout_caves
Slime:4:  layout_caves
Slime:5:  slime_pit_nicolae_royal_road_to_ruin
Orc:1:    layout_caves, serial_shops, shop, uniq_sonja
Orc:2:    grunt_orc_tribal_feast, layout_caves, basic_altar, serial_shops,
          nicolae_shop_behind_doors, mines1_david
Elf:1:    layout_geoelf_octagon, infiniplex_enter_wizlab_spiral,
          kennysheep_underground_church
Elf:2:    elven_hall_of_blades_hangedman_alternative [nicolae_blade_tridents],
          layout_onion_city
Elf:3:    grunt_elf_hall_spiral, layout_loops_cross, serial_co_window_serial,
          co_window_paths_a, co_window_corner_a, co_window_paths_b,
          co_window_cross_1, co_window_paths_a, co_window_of_opportunity_b,
          co_window_broadway_a, co_window_corner_b, co_window_paths_c,
          glass_columns_a, glass_columns_b, glass_columns_a, glass_columns_c,
          minivault_28
Vaults:1: st_squares, nicolae_vaults_storage_closets_3, nicolae_vaults_prndl,
          dpeg_vaults_monster_row, hangedman_vaults_slither, v_misc_28,
          nicolae_vaults_tangram_2, v_pattern_4, vaults_room_hallway,
          hangedman_vaults_stagger, vaults_mumra_lcd,
          nicolae_vaults_circle_grid_b, vaults_room_door_ring,
          nicolae_vaults_ring_of_whatevers, nicolae_vaults_double_plus_2,
          layout_vaults_ring, serial_shops, nicolae_shop_tiny_real_fake_doors
Vaults:2: ebering_ghost_rock_garden, v_misc_29, vaults_room_door_hall,
          nicolae_vaults_yaktaur_gun_rack, v_rooms_2,
          nicolae_vaults_weapon_check, v_misc_5, nicolae_vaults_specimen_jars,
          v_misc_24, grunt_vaults_hallway_short, vaults_dpeg_doors,
          nicolae_vaults_rhombus_5, vaults_room_hangedman_quadrants,
          layout_vaults_omnibox, serial_hangedman_research,
          hangedman_research_convocations, hangedman_research_thermodynamics,
          hangedman_research_probablistics
Vaults:3: ontoclasm_vaults_tryst, blue_anna_dwarven_crypt,
          nicolae_vaults_storage_closets_2, nicolae_vaults_back_hallway,
          nicolae_vaults_little_squares_1, grunt_vaults_trifunnel,
          nicolae_vaults_border_crossing, hangedman_vaults_pinch,
          nicolae_vaults_mini_display_case, nicolae_vaults_tetromino_L_1,
          v_misc_25, v_misc_26, nicolae_vaults_hexular_roomagon,
          vaults_dpeg_diagonal, nicolae_vaults_tetromino_T_1, v_misc_16,
          nicolae_vaults_storage_room_doors, grunt_vaults_diagonal,
          nicolae_vaults_shipping_containers_5, layout_vaults_maze,
          serial_shops, shop
Vaults:4: nicolae_vaults_stepped_doors, nicolae_vaults_closet_pinwheel_2,
          nicolae_vaults_closet_pinwheel_1, ontoclasm_vaults_spin,
          ontoclasm_vaults_chip, v_alt_pattern_6, nicolae_vaults_tetromino_Z_1,
          nicolae_vaults_little_squares_4, vaults_dpeg_hooks,
          layout_vaults_omnicross, serial_shops, nicolae_shop_waterfront
Vaults:5: uniq_mennas
Crypt:1:  layout_gridlike, grunt_megastairs_5, uniq_sojobo
Crypt:2:  layout_misc_corridors, roderic_lattice_octagonal_star
Crypt:3:  quadcrypt_mu, uniq_zenata, uniq_bai_suzhen
Depths:1: layout_cave_shapes, special_room [special_room_magic_class],
          hangedman_abyss_entry_splay, rand_demon_pan_entry_3, basic_altar,
          hell_entry, nicolae_kite_square_tiling_tiny,
          kennysheep_generic_room_10, serial_bayou_shore_b
Hell
Dis:1:    nicolae_dis_circle_tower, layout_jigsaw
Dis:2:    layout_subdivisions
Dis:3:    layout_subdivisions
Dis:4:    layout_subdivisions, nicolae_hells_fiendish_ambush

Skill      XL: |  1  2  3  4  5  6  7  8  9 10 11 12 13 14 15 16 17 18 19 20 21 22 23 24 25 26 27 |
---------------+----------------------------------------------------------------------------------+-----
Fighting       | 4 5 6 7 8 9 11 12 13 14 15 17 18 19 20 21 22 23 24 25 26 | 26.8
Maces & Flails | 3 4 5 6 7 8 9 10 11 12 13 14 15 17 18 19 20 21 22 23 | 23.6
Invocations    | 3 4 5 8 11 12 | 12.0
Armour         | 4 6 8 9 11 12 13 14 15 17 18 19 20 21 22 23 24 | 24.8
Shields        | 4 9 12 14 17 19 22 24 25 | 25.0
Dodging        | 2 4 6 7 8 9 |  9.7

Action                     |  1- 3 |  4- 6 |  7- 9 | 10-12 | 13-15 | 16-18 | 19-21 | 22-24 | 25-27 || total
---------------------------+-------+-------+-------+-------+-------+-------+-------+-------+-------++-------
  Melee: Flail             |   123 |   167 |   188 |       |       |       |       |       |       ||   478
         Dire flail        |       |       |    95 |   807 |  1071 |  1009 |    92 |       |       ||  3074
         Whip              |       |       |    34 |       |       |       |       |       |       ||    34
         Eveningstar       |       |       |       |       |       |       |  1329 |  2202 |  2662 ||  6193
         Headbutt          |       |       |       |       |       |       |       |       |   915 ||   915
 Invoke: Heroism           |       |       |     2 |     9 |     8 |    17 |    13 |    10 |    15 ||    74
         Finesse           |       |       |       |       |       |     2 |     5 |     2 |     3 ||    12
    Use: Scroll            |       |    10 |     3 |     6 |     8 |     7 |     5 |     2 |     9 ||    50
         Potion            |       |     1 |       |     2 |       |     8 |    11 |       |    11 ||    33
   Stab: Invisible         |       |       |       |     7 |    29 |    26 |    27 |    52 |    26 ||   167
 Armour: Chain mail        |    87 |   116 |   207 |   386 |   138 |   883 |   572 |       |       ||  2389
         Plate armour      |       |       |       |       |   757 |       |       |       |       ||   757
         Crystal plate arm |       |       |       |       |       |       |   399 |   833 |  1098 ||  2330
  Dodge: Dodged            |    47 |    57 |   139 |   304 |  1105 |  1020 |   784 |  1179 |  2584 ||  7219
  Block: Buckler           |    23 |    22 |    64 |       |       |       |       |       |       ||   109
         Tower shield      |       |       |       |       |       |       |   962 |  2143 |  4346 ||  7451

Table legend: (Time is in decaauts)
 A = Elapsed time spent in this place.
 B = Non-inter-level travel time spent in this place.
 C = Inter-level travel time spent in this place.
 D = Time resting spent in this place.
 E = Time spent auto-exploring this place.
 F = Levels seen in this place.
 G = Mean time per level.
                   A        B        C        D        E       F      G
               +--------+--------+--------+--------+--------+-----+--------+
         Total |  50410 |  45725 |   4685 |   3033 |  28147 |  60 |  840.2 |
       Dungeon |  13874 |  12096 |   1778 |    469 |   8995 |  15 |  924.9 |
        Temple |     80 |     51 |     29 |      0 |     42 |   1 |   80.0 |
          Lair |   4936 |   4339 |    597 |     16 |   3058 |   5 |  987.2 |
        Shoals |   3390 |   3144 |    246 |      0 |   2070 |   4 |  847.5 |
     Snake Pit |   4254 |   3991 |    263 |     86 |   2699 |   4 | 1063.5 |
    Slime Pits |   3278 |   3019 |    259 |    893 |   1176 |   5 |  655.6 |
  Orcish Mines |   1162 |   1019 |    143 |     15 |    629 |   2 |  581.0 |
   Elven Halls |   3331 |   3103 |    228 |     48 |   1871 |   3 | 1110.3 |
        Vaults |   7489 |   6664 |    825 |    112 |   4033 |   5 | 1497.8 |
         Crypt |   3177 |   3048 |    129 |    119 |   2057 |   3 | 1059.0 |
        Depths |   1777 |   1671 |    106 |    712 |    490 |   1 | 1777.0 |
          Hell |    769 |    718 |     51 |     64 |    302 |   1 |  769.0 |
           Dis |    777 |    749 |     28 |    123 |    229 |   4 |  194.2 |
         Abyss |    411 |    411 |      0 |      0 |     15 |   4 |  102.8 |
      Ice Cave |    215 |    215 |      0 |    122 |      9 |   1 |  215.0 |
        Wizlab |    936 |    936 |      0 |    254 |    234 |   1 |  936.0 |
      Gauntlet |    546 |    546 |      0 |      0 |    237 |   1 |  546.0 |
               +--------+--------+--------+--------+--------+-----+--------+

Top non-repeatable levels by time:
Depths:1: 1777 daAuts
Vaults:1: 1663 daAuts
     D:9: 1650 daAuts
Vaults:4: 1619 daAuts
 Snake:4: 1601 daAuts
 Crypt:3: 1571 daAuts
Vaults:2: 1509 daAuts
     D:4: 1495 daAuts
Vaults:5: 1436 daAuts
   Elf:3: 1389 daAuts
     D:6: 1341 daAuts
  Lair:5: 1293 daAuts
    D:10: 1272 daAuts
  Lair:1: 1266 daAuts
Vaults:3: 1261 daAuts
